 Seeded DCSS version 0.30.0-29-ga12c61a403 (webtiles) character file.

Game seed: 15108985013257503080 (custom seed)

1326 CInkIbrahim the Cleaver (level 8, 46/46 HPs)
             Began as a Gargoyle Fighter on June 16, 2023.
             Was an Initiate of Ashenzari.
             Quit the game on level 5 of the Dungeon.
             The game lasted 00:08:54 (4525 turns).

CInkIbrahim the Cleaver (Gargoyle Fighter)          Turns: 4525, Time: 00:08:54

Health: 46/46      AC: 35    Str: 22    XL:     8   Next: 60%
Magic:  8/8        EV:  3    Int: 12    God:    Ashenzari [......]
Gold:   105        SH:  5    Dex:  9    Spells: 7/7 levels left

rFire   + . .        a - +5 war axe "Killer Klown's Doom" {elec, rF+}
rCold   . . .        c - +1 buckler
rNeg    + + .        w - +8 orange crystal plate armour {Archmagi, Int+3 Clar}
rPois   ∞            F - +0 helmet
rElec   +            A - +0 cloak
rCorr   .            (no gloves)
SInv    .            L - +0 pair of boots
Will    +....        v - amulet of guardian spirit Stlth
                     g - ring of positive energy
HPRegen 0.27/turn    m - ring of willpower
MPRegen 0.11/turn

%: clarity, guardian spirit, archmagi
@: no status effects
A: sickness immunity, AC +5, negative energy resistance 1, electricity
resistance, torment resistance 1, petrification resistance
a: Renounce Religion, Curse Item


You were on level 5 of the Dungeon.
You worshipped Ashenzari.
Ashenzari was noncommittal.
You visited 1 branch of the dungeon, and saw 5 of its levels.
You also visited: Ossuary.

You collected 329 gold pieces.
You spent 224 gold pieces at shops.

Inventory:

Hand Weapons
 a - the +5 war axe "Killer Klown's Doom" (weapon) {elec, rF+}
   (You found it on level 4 of the Dungeon)

   rF:        It protects you from fire.
 b - a +0 flail of venom
 d - a +0 war axe
Missiles
 D - 6 curare-tipped darts (quivered)
 G - 6 poisoned darts
Armour
 c - a +1 buckler (worn)
 w - the +8 orange crystal plate armour (worn) {Archmagi, Int+3 Clar}
   (You found it on level 3 of the Dungeon)

   Int:       It affects your intelligence (+3).
   Clar:      It protects you from confusion, rage, mesmerisation and fear.
 A - a +0 cloak (worn)
 E - an orb of wrath
 F - a +0 helmet (worn)
 L - a +0 pair of boots (worn)
Magical Staves
 z - a staff of conjuration
Jewellery
 g - a ring of positive energy (left hand)
 m - a ring of willpower (right hand)
 n - the amulet "Xiac Nou" {Faith MP-9 Int+7}
   (You found it on level 2 of the Dungeon)

   [amulet of faith]

   It allows you to gain divine favour quickly.
   Int:       It affects your intelligence (+7).
   MP:        It affects your magic capacity (-9).
 v - an amulet of guardian spirit (around neck)
 B - a ring of willpower
Wands
 C - a wand of flame (19)
 M - a wand of polymorph (12)
Scrolls
 e - a scroll of amnesia
 f - 7 scrolls of teleportation
 h - 2 scrolls of vulnerability {unknown}
 j - a scroll of enchant armour
 k - a scroll of fear {unknown}
 l - a scroll of silence {unknown}
 s - a scroll of brand weapon {unknown}
 u - a scroll of magic mapping {unknown}
 x - a scroll of acquirement {unknown}
 y - a scroll of fog {unknown}
 I - a scroll of blinking {unknown}
 K - a scroll of noise {unknown}
Potions
 i - 4 potions of flight
 o - 3 potions of heal wounds
 p - a potion of ambrosia
 q - 4 potions of mutation
 r - 2 potions of attraction
 t - a potion of haste
 H - 6 potions of curing
 J - a potion of resistance {unknown}


   Skills:
 - Level 3.2 Fighting
 * Level 8.3 Axes
 + Level 6.4 Armour
 - Level 3.2 Shields


You had 7 spell levels left.
You didn't know any spells.
Your spell library contained the following spells:

 Spells                   Type           Power      Damage    Failure   Level
 Necrotise                Necr           0%         1d4       100%        1
 Dazzling Flash           Conj/Hex       0%         N/A       100%        3
 Stone Arrow              Conj/Erth      0%         3d7       100%        3
 Vampiric Draining        Necr           0%         2d6       100%        3
 Volatile Blastmotes      Fire/Tloc      0%         2d10      100%        3
 Animate Armour           Summ/Erth      0%         N/A       100%        4
 Iskenderun's Mystic Bla  Conj/Tloc      0%         2d3       100%        4
 Agony                    Necr           0%         N/A       100%        5
 Silence                  Hex/Air        0%         N/A       100%        5
 Summon Forest            Summ/Tloc      0%         N/A       100%        5
 Summon Mana Viper        Hex/Summ       0%         N/A       100%        5
 Starburst                Conj/Fire      0%         6d3       100%        6
 Summon Cactus Giant      Summ           0%         N/A       100%        6
 Lehudib's Crystal Spear  Conj/Erth      0%         10d2      100%        8


Dungeon Overview and Level Annotations

Branches:
Dungeon (5/15)             Temple (0/1) D:5         Ossuary (visited)

Altars:
Ashenzari
Cheibriados
Kikubaaqudgha
Nemelex Xobeh
Okawaru
Ru
Uskayaw
Vehumet
Wu Jian

Shops:
D:3 !

Annotations:
D:4 3 runed translucent doors, Drain's ghost, amateur OpHW; middlethird's ghost, amateur VSAE; ryak's ghost, amateur OpVM


Innate Abilities, Weirdness & Mutations

You are immune to sickness and miasma.
Your stone body is resilient. (AC +5)
You are immune to poison.
You resist negative energy. (rN+)
You are resistant to electric shocks. (rElec)
You are resistant to unholy torment.
You are immune to petrification.


Message History

The orc wizard hits you but does no damage.
The orc hits you with a +0 war axe.
There are monsters nearby!
You hit the orc wizard but do no damage.
Lightning courses through the orc wizard!!
You kill the orc wizard!
You closely miss the orc. The orc hits you but does no damage.
An orc is nearby!
You slash the orc! Lightning courses through the orc!
You kill the orc!
There is a broken door, spattered with blood here.
Things that are here:
a +0 war axe; an orc corpse
Found a stone staircase leading down.
No target in view!
Done exploring.
No target in view!
Done exploring.
No target in view!
Done exploring.
No target in view!
Done exploring.
No target in view!
Done exploring.
No target in view!
Done exploring.
No target in view!
Done exploring.
No target in view!
Done exploring.
No target in view!
Done exploring.
No target in view!
Done exploring.
No target in view!
Done exploring.
No target in view!
Done exploring.
No target in view!
Are you sure you want to abandon this character and quit the game? (Confirm with "yes".)

#.....+.......#.....#.......'
#.....#.......#.....'.......#
#.....#.......#.....#########
#.....#.......#..............
###'###.....[.#..............
#............#..............
#.=.###+######..............
#...#...>............8......
#...#......@................
#...#.........#####8..!8....
#...#.........# #.........
#...#.........# #..8......
#...#.........# ##........
#####.........# ###......
########### #######


There were no monsters in sight!

Vanquished Creatures
  Grinder (D:4)
  Menkaure (D:5)
  Duvessa (D:3)
  An ice beast (D:5)
  An ogre (D:5)
  A scorpion (D:5)
  Dowan (D:3)
  A jelly (D:5)
  4 centaur zombies (Ossuary)
  2 hounds
  An iguana (D:3)
  Terence (D:3)
  An orc wizard (D:5)
  An ogre zombie (Ossuary)
  7 mummies (Ossuary)
  7 adders
  A white imp (D:5)
  An ufetubus (D:5)
  An adder zombie (Ossuary)
  A worm (D:3)
  2 dart slugs (D:2)
  9 orcs
  10 ball pythons
  9 bats
  11 endoplasms
  4 giant cockroaches
  2 gnoll zombies (Ossuary)
  5 goblins
  5 hobgoblins
  4 jackals (D:2)
  3 quokkas
  A frilled lizard (D:2)
  6 goblin zombies (Ossuary)
  3 hobgoblin zombies (Ossuary)
  8 kobolds
  2 kobold zombies (Ossuary)
  2 orc zombies (Ossuary)
  6 quokka zombies (Ossuary)
  8 rats
  3 rat zombies (Ossuary)
139 creatures vanquished.

Notes
Turn   | Place    | Note
-------+----------+-------------------------------------------
     0 | D:1      | CInkIbrahim the Gargoyle Fighter began the quest for the
                  | Orb.
     0 | D:1      | Reached XP level 1. HP: 14/14 MP: 1/1
    57 | D:1      | Reached skill level 2 in Axes
   127 | D:1      | Reached XP level 2. HP: 19/19 MP: 2/2
   504 | D:1      | Reached skill level 3 in Axes
   756 | D:2      | Reached XP level 3. HP: 23/23 MP: 3/3
  1046 | D:2      | Identified the amulet "Xiac Nou" {Faith MP-9 Int+7}
  1133 | D:2      | Reached XP level 4. HP: 28/28 MP: 4/4
  1280 | D:2      | Reached skill level 4 in Axes
  1612 | D:3      | Found Uschefeo's Distillery.
  1625 | D:3      | Bought a potion of curing for 42 gold pieces
  1625 | D:3      | Bought a potion of attraction for 42 gold pieces
  1654 | D:3      | Noticed Terence
  1690 | D:3      | Killed Terence
  1691 | D:3      | Reached XP level 5. HP: 27/32 MP: 5/5
  1893 | D:3      | Reached skill level 5 in Axes
  2105 | D:3      | Found the +8 orange crystal plate armour {Archmagi, Int+3
                  | Clar}
  2330 | D:4      | Noticed Duvessa
  2330 | D:4      | Noticed Dowan
  2413 | D:3      | Killed Duvessa
  2414 | D:3      | Reached XP level 6. HP: 12/37 MP: 2/6
  2420 | D:3      | Killed Dowan
  2538 | D:4      | Identified the +5 war axe "Killer Klown's Doom" {elec, rF+}
  2550 | D:4      | Reached skill level 6 in Axes
  2552 | D:4      | Noticed Grinder
  2560 | D:4      | Killed Grinder
  2561 | D:4      | Reached XP level 7. HP: 40/41 MP: 7/7
  2956 | D:4      | Found a runed translucent gate.
  2956 | D:4      | Found a runed translucent gate.
  2956 | D:4      | Found a runed translucent gate.
  2957 | D:4      | Noticed middlethird's ghost (amateur VSAE)
  2957 | D:4      | Noticed Drain's ghost (amateur OpHW)
  2957 | D:4      | Noticed ryak's ghost (amateur OpVM)
  3329 | D:5      | Entered Level 5 of the Dungeon
  3337 | D:5      | Found a sparkling altar of Nemelex Xobeh.
  3357 | D:5      | Found a broken altar of Ashenzari.
  3377 | D:5      | Became a worshipper of Ashenzari the Shackled
  3395 | D:5      | Noticed Menkaure
  3401 | D:5      | Killed Menkaure
  3402 | D:5      | Reached skill level 7 in Axes
  3402 | D:5      | Reached skill level 5 in Armour
  3423 | D:5      | Found an ancient bone altar of Kikubaaqudgha.
  3448 | D:5      | Found a sand-covered staircase.
  3472 | Ossuary  | Entered an ossuary
  3556 | Ossuary  | Reached XP level 8. HP: 37/46 MP: 8/8
  3966 | D:3      | Bought a potion of haste for 140 gold pieces
  4165 | D:5      | Reached skill level 8 in Axes
  4351 | D:5      | Found an ornate altar of the Wu Jian Council.
  4354 | D:5      | Found an iron altar of Okawaru.
  4361 | D:5      | Found a snail-covered altar of Cheibriados.
  4364 | D:5      | Found a sacrificial altar of Ru.
  4366 | D:5      | Found a hide-covered altar of Uskayaw.
  4371 | D:5      | Found a radiant altar of Vehumet.
  4417 | D:5      | Found a staircase to the Ecumenical Temple.
  4525 | D:5      | Quit the game

Illustrated notes

Levels and vault maps discovered:
D:1:      roderic_octagonal_star, layout_basic, minmay_tromino_v4_c
D:2:      minmay_chambers_of_ones, layout_basic
D:3:      minmay_diamond_boxcup, layout_basic, serial_shops,
          nicolae_lakefront_shop, serial_glass, glass_columns_c,
          glass_columns_b, glass_columns_b, glass_columns_a, uniq_terence
D:4:      layout_rooms, gammafunk_ghost_cemetery, uniq_duvessa, uniq_grinder
D:5:      layout_gridville, nicolae_overflow_hallway_of_the_gods,
          kiku_gazebo_pond_becter, ashenzari_conservatory_becter,
          mainiacjoe_overflow_boulevard, temple_doors_ab,
          nicolae_ossuary_entry_monument, minmay_tree_intersection,
          uniq_menkaure

Skill      XL: |  1  2  3  4  5  6  7  8 |
---------------+-------------------------+-----
Axes           | 2 3 4 5 6 7 8 |  8.3
Armour         | 4 5 6 |  6.4
Fighting       | |  3.2
Shields        | |  3.2

Action                     |  1- 3 |  4- 6 |  7- 9 || total
---------------------------+-------+-------+-------++-------
  Melee: War axe           |    91 |    72 |   119 ||   282
         Flail             |       |    82 |       ||    82
    Use: Scroll            |     1 |     2 |     5 ||     8
         Potion            |       |     2 |       ||     2
 Armour: Scale mail        |    55 |    93 |       ||   148
         Crystal plate arm |       |    43 |    73 ||   116
  Dodge: Dodged            |    48 |    76 |    13 ||   137
  Block: Buckler           |    22 |    38 |    20 ||    80
